 Dungeon Crawl Stone Soup version 0.17-a0-1534-gf98da79 (webtiles) character file.

261 urechis the Conjurer (level 6, -4/32 HPs)
             Began as a Gargoyle Wizard on July 17, 2015.
             Killed by nerve-wracking pain
             ... invoked by an orc priest
              (12 damage)
             ... on level 2 of the Dungeon.
             The game lasted 00:15:09 (4562 turns).

urechis the Conjurer (Gargoyle Wizard)              Turns: 4562, Time: 00:15:09

Health: -4/32      AC:  7    Str: 10    XL:     6   Next: 18%
Magic:  3/10       EV: 11    Int: 21    God:
Gold:   155        SH:  0    Dex:  8    Spells: 4 memorised, 2 levels left

rFire  . . .     SeeInvis .     o - +0 short sword (elec)
rCold  . . .     Clarity  .     r - +0 robe {MR+}
rNeg   + + .     SustAt   .     (no shield)
rPois  ∞         Gourm    .     b - +0 hat
rElec  +         Spirit   .     k - +0 cloak
rCorr  .         Warding  .     (no gloves)
rMut   .         Stasis   .     (no boots)
MR     +....                    (no amulet)
Stlth  ++........               (no ring)
                                n - ring of positive energy

@: very slightly contaminated, hasted, very quick, somewhat resistant to hostile
enchantments, unstealthy
A: negative energy resistance 1, electricity resistance, unbreathing,
petrification resistance, rot immunity, AC +4
a: no special abilities


You were on level 2 of the Dungeon.
You were not hungry.

You visited 1 branch of the dungeon, and saw 3 of its levels.

You collected 155 gold pieces.

Inventory:

Hand weapons
 o - a +0 short sword of electrocution (weapon)
Armour
 b - a +0 hat (worn)
 k - a +0 cloak (worn)
 r - a +0 robe of magic resistance (worn)
Jewellery
 n - a ring of positive energy (left hand)
Scrolls
 a - a scroll of immolation {unknown}
 g - a scroll of magic mapping {unknown}
 i - 8 scrolls of identify {unknown}
 l - a scroll of enchant weapon {unknown}
 q - a scroll of remove curse {unknown}
Potions
 e - 3 potions of haste
 f - a potion of curing {unknown}
 h - a potion of magic {unknown}
 p - 2 potions of might {unknown}
Books
 c - a book of Minor Magic

   Spells                             Type                      Level
   a - Magic Dart                     Conjuration                  1
   b - Blink                          Translocation                2
   c - Call Imp                       Summoning                    2
   d - Repel Missiles                 Charms/Air                   2
   e - Slow                           Hexes                        2
   f - Conjure Flame                  Conjuration/Fire             3
   g - Mephitic Cloud                 Conjuration/Poison/Air       3
Comestibles
 d - 2 bread rations
 j - 2 meat rations


   Skills:
 - Level 1.5 Dodging
 - Level 2.1 Stealth
 - Level 3.0 Spellcasting
 + Level 6.6 Conjurations
   Level 0.8 Summonings
   Level 0.8 Translocations


You had 2 spell levels left.
You knew the following spells:

 Your Spells              Type           Power        Failure   Level  Hunger
a - Magic Dart            Conj           ####         1%          1    None
b - Mephitic Cloud        Conj/Pois/Air  ##......     21%         3    ###....
c - Conjure Flame         Conj/Fire      ###.....     12%         3    ###....
d - Repel Missiles        Chrm/Air       #.....       21%         2    ##.....


Dungeon Overview and Level Annotations

Branches:
Dungeon (3/15)

Altars:
Fedhas
Makhleb
Okawaru
Qazlal
Trog

Annotations:
D:3 Jessica


Innate Abilities, Weirdness & Mutations

You are resistant to torment.
Your stone body is resilient (AC +4).
You are immune to poison.
You resist negative energy.
You are resistant to electric shocks.
You can survive without breathing.
You are immune to petrification.
You are immune to rotting.


Message History

The orc priest barely misses you.
There is a stone staircase leading down here.
You see here a whip.
You hit the orc priest but do no damage.
The orc priest misses you.
You hit the orc priest but do no damage.
You hit the orc priest.
There is a sudden explosion of sparks!
The orc priest is heavily wounded.
The orc priest hits you but does no damage.
You hit the orc priest.
The orc priest is severely wounded.
The orc priest hits you with a club.
* * * LOW HITPOINT WARNING * * *
You barely miss the orc priest.
The orc priest is severely wounded.
You hit the orc priest but do no damage.
The orc priest is severely wounded.
The orc priest calls down the wrath of Beogh upon you.
Pain shoots through your body!
You die...

#.#.#.# #......# #.....#
#####...#.#### ########.###
#............# #####
#........#####.####.......#
....###.########(.......#..#.##.#
###.....# #.###.##.#..#.....
####### #.# #.##.#....##)# #(#
#.[.....#.##.#
####@######.........# #..)o...#
###.......# #.##.##.# #.#######
#.##.##.# ###.### # #.##.##.#
#.....# # #.#...#.# #.....#
#.......# #.....# ##.....##
#.....# ### #.#.#.# #.....# #..


You could see an orc priest.

Vanquished Creatures
  An orc priest (D:3)
  2 orc wizards
  3 gnolls (D:2)
  4 adders (D:2)
  2 oozes
  2 worms
  3 giant geckos (D:2)
  11 orcs
  A ball python (D:2)
  3 giant cockroaches
  10 hobgoblins
  5 jackals (D:1)
  7 bats
  9 giant newts
  12 goblins
  5 kobolds
  4 quokkas
  5 rats
89 creatures vanquished.

Notes
Turn   | Place    | Note
--------------------------------------------------------------
     0 | D:1      | urechis the Gargoyle Wizard began the quest for the Orb.
     0 | D:1      | Reached XP level 1. HP: 10/10 MP: 4/4
   205 | D:1      | Reached XP level 2. HP: 15/15 MP: 0/6
  1502 | D:1      | Reached XP level 3. HP: 19/19 MP: 3/7
  2161 | D:2      | Reached skill level 4 in Conjurations
  2255 | D:2      | Reached XP level 4. HP: 24/24 MP: 5/8
  2260 | D:2      | Found a stormy altar of Qazlal.
  2260 | D:2      | Found a burning altar of Makhleb.
  2261 | D:2      | Found a bloodstained altar of Trog.
  2263 | D:2      | Found a blossoming altar of Fedhas.
  2263 | D:2      | Found an iron altar of Okawaru.
  2746 | D:2      | Learned a level 3 spell: Mephitic Cloud
  2750 | D:2      | Learned a level 3 spell: Conjure Flame
  2753 | D:2      | Learned a level 2 spell: Repel Missiles
  2858 | D:2      | Found a bloodstained altar of Trog.
  2858 | D:2      | Found an iron altar of Okawaru.
  2859 | D:2      | Found a stormy altar of Qazlal.
  2861 | D:2      | Found a blossoming altar of Fedhas.
  2862 | D:2      | Found a burning altar of Makhleb.
  3257 | D:3      | Noticed Jessica
  3451 | D:2      | Reached skill level 5 in Conjurations
  3451 | D:2      | Reached XP level 5. HP: 17/28 MP: 3/9
  4150 | D:3      | Reached skill level 6 in Conjurations
  4259 | D:3      | Reached XP level 6. HP: 22/32 MP: 0/10
  4562 | D:2      | Killed from afar by an orc priest

Vault maps used:
D:1:      saegor_arrival_simple_c
D:2:      grunt_temple_overflow_open, first_bread
D:3:      uniq_jessica

Action                   |  1- 3 |  4- 6 || total
-------------------------+-------+-------++-------
Melee: Dagger            |    55 |       ||    55
       Short sword       |     3 |    49 ||    52
 Cast: Magic Dart        |   115 |   132 ||   247
  Use: Potion            |       |     1 ||     1
  Eat: Chunk             |     4 |     7 ||    11
